 Dungeon Crawl Stone Soup version 0.26-a0-79-g47e9afc (webtiles) character file.

Game seed: 9473195180108079216

9472 thirtiethelement the Blocker (level 11, -4/89 HPs)
             Began as a Gnoll Fighter on June 16, 2020.
             Was the Champion of Cheibriados.
             Killed from afar by a wizard (33 damage)
             ... with a fireball
             ... on level 10 of the Dungeon.
             The game lasted 00:24:06 (9675 turns).

thirtiethelement the Blocker (Gnoll Fighter)        Turns: 9675, Time: 00:24:08

Health: -4/89      AC: 15    Str: 34 (35) XL:     11   Next: 47%
Magic:  20/20      EV: 17    Int: 23 (25) God:    Cheibriados [******]
Gold:   378        SH:  0    Dex: 30      Spells: 21/22 levels left

rFire    . . .     SeeInvis .   F - +2 battleaxe (elec)
rCold    . . .     Gourm    .   (shield currently unavailable)
rNeg     . . .     Faith    .   l - +0 scale mail of the World {rElec rPois} (curse)
rPois    +         Spirit   .   (no helmet)
rElec    +         Reflect  .   t - +2 cloak
rCorr    .         Harm     .   E - +0 pair of gloves (curse)
MR       +....                  y - +1 pair of boots
Stlth    +++.......             (no amulet)
HPRegen  0.24/turn              (no ring)
MPRegen  0.17/turn              (no ring)

@: marked, very slightly contaminated, very slow
A: distributed training, fangs 1, deterioration 1, magic resistance 1, weak 1,
sturdy frame 1, strong nose
a: Bend Time, Temporal Distortion, Slouch, Step From Time, Renounce Religion


You were on level 10 of the Dungeon.
You worshipped Cheibriados.
Cheibriados was exalted by your worship.
You were hungry.

You visited 1 branch of the dungeon, and saw 10 of its levels.
You also visited: Ossuary.

You collected 788 gold pieces.
You spent 410 gold pieces at shops.

Inventory:

Hand Weapons
 a - a +1 war axe
 F - a +2 battleaxe of electrocution (weapon)
Missiles
 e - a boomerang (quivered)
 v - 8 boomerangs of dispersal
Armour
 b - a +0 scale mail
 c - a +0 kite shield
 g - a +0 buckler
 l - the cursed +0 scale mail of the World (worn) {rElec rPois}
   (You bought it in a shop on level 8 of the Dungeon)

   It insulates you from electricity.
   It protects you from poison.
   It has a curse placed upon it.
 t - a +2 cloak (worn)
 y - a +1 pair of boots (worn)
 E - a cursed +0 pair of gloves (worn)
 I - a +2 pair of boots
Jewellery
 r - an uncursed ring of fire
Wands
 n - a wand of flame (33)
 x - a wand of iceblast (2)
 A - a wand of paralysis (17)
 D - a wand of clouds (7)
 H - a wand of polymorph (4)
Scrolls
 h - 5 scrolls of teleportation
 j - 3 scrolls of amnesia
 m - a scroll of remove curse
 q - 2 scrolls of silence
 C - 7 scrolls of identify
Potions
 d - 3 potions of might
 i - 7 potions of brilliance
 k - 8 potions of curing
 o - 2 potions of resistance {unknown}
 s - 6 potions of flight
 u - 2 potions of ambrosia
 w - 2 potions of cancellation
 z - 2 potions of stabbing
 B - 3 potions of lignification
Miscellaneous
 G - a tin of tremorstones (2/3)
Comestibles
 f - 14 rations


   Skills:
 + Level 9.1 Fighting
 + Level 6.2 Short Blades
 + Level 6.2 Long Blades
 + Level 7.8 Axes
 + Level 6.2 Maces & Flails
 + Level 6.2 Polearms
 + Level 6.2 Staves
 + Level 6.2 Slings
 + Level 6.2 Bows
 + Level 6.2 Crossbows
 + Level 6.2 Throwing
 + Level 9.1 Armour
 + Level 6.2 Dodging
 + Level 6.2 Stealth
 + Level 9.1 Shields
 + Level 6.2 Unarmed Combat
 + Level 6.2 Spellcasting
 + Level 5.1 Conjurations
 + Level 5.1 Hexes
 + Level 5.1 Charms
 + Level 5.1 Summonings
 + Level 5.1 Necromancy
 + Level 5.1 Translocations
 + Level 5.1 Transmutations
 + Level 5.1 Fire Magic
 + Level 5.1 Ice Magic
 + Level 5.1 Air Magic
 + Level 5.1 Earth Magic
 + Level 5.1 Poison Magic
 + Level 6.8 Invocations
 + Level 6.2 Evocations


You had 21 spell levels left.
You knew the following spells:

 Your Spells              Type           Power        Failure   Level  Hunger
a - Corona                Hex            ####...      1%          1    None

Your spell library contained the following spells:

 Spells                   Type           Power        Failure   Level  Hunger
 Animate Skeleton         Necr           N/A          1%          1    None
 Apportation              Tloc           ####..       1%          1    None
 Summon Small Mammal      Summ           ####         1%          1    None


Dungeon Overview and Level Annotations

Branches:
Dungeon (10/15)            Temple (0/1) D:6         Ossuary (visited)
   Lair: D:8-11         Orc: D:9-12

Altars:
Cheibriados
Elyvilon
Fedhas
Gozag
Makhleb
Nemelex Xobeh
Okawaru
Qazlal
Ru
Sif Muna
Trog
Vehumet
Wu Jian
Yredelemnul
Jiyva

Shops:
D:6 (   D:7 }   D:8 !=[   D:10 %

Annotations:
D:5 1 runed translucent door, dog's ghost, novice MiBe
D:10 Erica; Harold; Joseph


Innate Abilities, Weirdness & Mutations

Your experience applies equally to all skills.
You have very sharp teeth.
Your uncanny sense of smell can sniff out nearby items.
Your body sometimes deteriorates upon taking damage.
You are resistant to hostile enchantments. (MR+)
You are weak. (Str -2)
Your movements are slightly less encumbered by armour. (ER -2)


Message History

Joseph hits you but does no damage.
Blink to where?
Press: ? - help, Dir - move target cursor You are very lightly contaminated with residual magic.
As you read the scroll of blinking, it crumbles to dust.
Evoke which item? (* to show all) (? for menu, Esc to quit)
Aiming: Cloud Cone
Press: ? - help, Dir - move target cursor You create a blast of flame!
Evoke which item? (* to show all) (? for menu, Esc to quit)
Aiming: Iceblast
Press: ? - help, Shift-Dir - straight line, f - wizard
Aim: a wizard, wielding a +0 long sword, wearing a +0 robe and wearing a +0 kite shield The mass of ice explodes!
The iceblast engulfs the wizard!
The wizard is heavily wounded.
The iceblast engulfs the orc knight!
The orc knight is heavily wounded.
The wizard casts a spell at you.
The fireball explodes!
The fireball engulfs you!!
You die...

#.@.......# ∆ #.@.o.....#
#.#..o....# #.#..p....#
#.#..§§§..# ######### #....§§§§.#
#........ ###+####....§§§§.#
#........ ....†........§§§§#
#....>...
.........##....§@########........
.........##......................
.........##.......###............
.........##......................
.................................
.................................
#################################


You could see Harold, 2 orc knights and a wizard.

Vanquished Creatures
  5 two-headed ogres
  Pikel (D:9)
  A centaur zombie (D:10)
  Grinder (D:6)
  A hippogriff (D:9)
  A spriggan (D:7)
  Eustachio (D:6)
  2 hungry ghosts (D:7)
  Duvessa (D:4)
  2 orc warriors
  2 ice beasts (D:5)
  2 slaves (D:9)
  A sky beast (D:9)
  An eye of draining (D:10)
  4 necrophages
  3 ogres
  A centaur (D:9)
  A big kobold (D:6)
  3 bullfrogs
  2 wyvern zombies (D:10)
  A gnoll sergeant (D:9)
  Dowan (D:4)
  A water moccasin skeleton (D:7)
  5 scorpions
  8 wights
  6 killer bees (D:9)
  2 howler monkeys (D:4)
  5 crimson imps
  2 bullfrog zombies
  2 quasits
  3 hounds
  10 orc wizards
  8 orc priests
  6 jellies
  A centaur skeleton (D:5)
  Ijyb (D:3)
  3 worker ants
  An iguana (D:4)
  8 mummies (Ossuary)
  Robin (D:2)
  A howler monkey zombie (D:10)
  3 worker ant zombies
  8 adders
  14 gnolls
  2 shadow imps
  An ooze (D:1)
  3 dart slugs
  3 worms
  8 leopard geckos
  36 orcs
  A ball python (D:8)
  6 bats
  5 giant cockroaches
  11 goblins
  3 hobgoblins
  21 jackals
  3 quokkas
  5 frilled lizards
  A gnoll zombie (Ossuary)
  3 hobgoblin zombies (Ossuary)
  10 kobolds
  2 kobold zombies (Ossuary)
  2 orc zombies (Ossuary)
  2 quokka skeletons
  6 rats
271 creatures vanquished.

Notes
Turn   | Place    | Note
-------+----------+-------------------------------------------
     0 | D:1      | thirtiethelement the Gnoll Fighter began the quest for the
                  | Orb.
     0 | D:1      | Reached XP level 1. HP: 23/23 MP: 1/1
    37 | D:1      | Reached XP level 2. HP: 28/29 MP: 2/2
   301 | D:1      | Reached XP level 3. HP: 31/35 MP: 3/3
   915 | D:2      | Reached skill level 1 in Invocations
   964 | D:2      | Found a faded altar of an unknown god.
   973 | D:2      | Reached skill level 1 in Short Blades
   973 | D:2      | Reached skill level 1 in Long Blades
   973 | D:2      | Reached skill level 1 in Maces & Flails
   973 | D:2      | Reached skill level 1 in Polearms
   973 | D:2      | Reached skill level 1 in Staves
   973 | D:2      | Reached skill level 1 in Slings
   973 | D:2      | Reached skill level 1 in Bows
   973 | D:2      | Reached skill level 1 in Crossbows
   973 | D:2      | Reached skill level 1 in Throwing
   973 | D:2      | Reached skill level 1 in Dodging
   973 | D:2      | Reached skill level 1 in Stealth
   973 | D:2      | Reached skill level 1 in Unarmed Combat
   973 | D:2      | Reached skill level 1 in Spellcasting
   973 | D:2      | Reached skill level 1 in Evocations
  1141 | D:2      | Found a sacrificial altar of Ru.
  1149 | D:2      | Reached XP level 4. HP: 38/41 MP: 5/5
  1193 | D:2      | Noticed Robin
  1195 | D:2      | Reached skill level 1 in Conjurations
  1195 | D:2      | Reached skill level 1 in Hexes
  1195 | D:2      | Reached skill level 1 in Charms
  1195 | D:2      | Reached skill level 1 in Summonings
  1195 | D:2      | Reached skill level 1 in Necromancy
  1195 | D:2      | Reached skill level 1 in Translocations
  1195 | D:2      | Reached skill level 1 in Transmutations
  1195 | D:2      | Reached skill level 1 in Fire Magic
  1195 | D:2      | Reached skill level 1 in Ice Magic
  1195 | D:2      | Reached skill level 1 in Air Magic
  1195 | D:2      | Reached skill level 1 in Earth Magic
  1195 | D:2      | Reached skill level 1 in Poison Magic
  1200 | D:2      | Killed Robin
  1383 | D:2      | Found a blossoming altar of Fedhas.
  1446 | D:2      | Found a snail-covered altar of Cheibriados.
  1454 | D:2      | Became a worshipper of Cheibriados the Contemplative
  1457 | D:2      | Reached XP level 5. HP: 39/47 MP: 6/6
  1986 | D:3      | Learned a level 1 spell: Corona
  2308 | D:3      | Reached * piety under Cheibriados
  2417 | D:3      | Noticed Ijyb
  2425 | D:3      | Paralysed by Ijyb for 2 turns
  2430 | D:3      | Killed Ijyb
  2704 | D:4      | Found an iron altar of Okawaru.
  2710 | D:4      | Reached XP level 6. HP: 53/53 MP: 8/8
  2823 | D:4      | Found an opulent altar of Gozag.
  2877 | D:4      | Reached skill level 5 in Axes
  2899 | D:4      | Noticed Dowan
  2899 | D:4      | Noticed Duvessa
  2914 | D:4      | Killed Duvessa
  2918 | D:4      | Killed Dowan
  2918 | D:4      | Reached XP level 7. HP: 24/59 MP: 8/10
  3356 | D:4      | Reached ** piety under Cheibriados
  3607 | D:5      | Entered Level 5 of the Dungeon
  3867 | D:5      | Reached XP level 8. HP: 67/67 MP: 12/12
  3979 | D:5      | Got a fading leather armour
  3989 | D:5      | Identified the +0 leather armour "Toan" {rN+} (You found it
                  | on level 5 of the Dungeon)
  4128 | D:5      | Found a stormy altar of Qazlal.
  4172 | D:5      | Found a sparkling altar of Nemelex Xobeh.
  4186 | D:5      | Found a burning altar of Makhleb.
  4283 | D:5      | Found a radiant altar of Vehumet.
  4493 | D:5      | Found a runed translucent door.
  4493 | D:5      | Noticed dog's ghost (novice MiBe)
  4551 | D:5      | Reached *** piety under Cheibriados
  5313 | D:6      | Found a basalt altar of Yredelemnul.
  5367 | D:6      | Found Kuiguity's Weapon Shoppe.
  5385 | D:6      | Reached XP level 9. HP: 55/72 MP: 14/14
  5543 | D:6      | Noticed Grinder
  5563 | D:6      | Killed Grinder
  5733 | D:6      | Reached **** piety under Cheibriados
  5752 | D:6      | Found a staircase to the Ecumenical Temple.
  5754 | D:6      | Noticed Eustachio
  5768 | D:6      | Killed Eustachio
  6082 | D:6      | You fall into a shaft and drop 2 floors!
  6090 | D:8      | Noticed a two-headed ogre
  6101 | D:8      | Killed a two-headed ogre
  6101 | D:8      | Reached skill level 5 in Invocations
  6109 | D:8      | Found Xekhaun's Distillery.
  6111 | D:8      | Found Wuyfobaw's Jewellery Shoppe.
  6118 | D:8      | Bought a potion of mutation for 88 gold pieces
  6118 | D:8      | Gained mutation: Your body sometimes deteriorates upon
                  | taking damage. [potion of mutation]
  6118 | D:8      | Gained mutation: You have sharp toenails. [potion of
                  | mutation]
  6119 | D:8      | Bought a potion of mutation for 88 gold pieces
  6119 | D:8      | Lost mutation: Your body sometimes deteriorates upon taking
                  | damage. [potion of mutation]
  6119 | D:8      | Lost mutation: You have sharp toenails. [potion of
                  | mutation]
  6119 | D:8      | Gained mutation: Your body sometimes deteriorates upon
                  | taking damage. [potion of mutation]
  6119 | D:8      | Gained mutation: You are frail. (-10% HP) [potion of
                  | mutation]
  6119 | D:8      | Gained mutation: You are agile. (Dex +2) [potion of
                  | mutation]
  6119 | D:8      | Gained mutation: Your movements are slightly less
                  | encumbered by armour. (ER -2) [potion of mutation]
  6201 | D:8      | Found Dullecywn's Antique Armour Shoppe.
  6201 | D:8      | Noticed a two-headed ogre
  6209 | D:8      | Killed a two-headed ogre
  6209 | D:8      | Reached XP level 10. HP: 37/72 MP: 15/17
  6214 | D:8      | Found a sand-covered staircase.
  6218 | D:8      | Noticed a two-headed ogre
  6223 | Ossuary  | Entered an ossuary
  6589 | D:7      | Reached skill level 5 in Short Blades
  6589 | D:7      | Reached skill level 5 in Long Blades
  6589 | D:7      | Reached skill level 5 in Maces & Flails
  6589 | D:7      | Reached skill level 5 in Polearms
  6589 | D:7      | Reached skill level 5 in Staves
  6589 | D:7      | Reached skill level 5 in Slings
  6589 | D:7      | Reached skill level 5 in Bows
  6589 | D:7      | Reached skill level 5 in Crossbows
  6589 | D:7      | Reached skill level 5 in Throwing
  6589 | D:7      | Reached skill level 5 in Dodging
  6589 | D:7      | Reached skill level 5 in Stealth
  6589 | D:7      | Reached skill level 5 in Unarmed Combat
  6589 | D:7      | Reached skill level 5 in Spellcasting
  6589 | D:7      | Reached skill level 5 in Evocations
  6767 | D:7      | Lost mutation: You are frail. (-10% HP) [potion of
                  | mutation]
  6767 | D:7      | Lost mutation: You are agile. (Dex +2) [potion of mutation]
  6767 | D:7      | Gained mutation: You are weak. (Str -2) [potion of
                  | mutation]
  6767 | D:7      | Gained mutation: You are resistant to hostile enchantments.
                  | (MR+) [potion of mutation]
  6920 | D:6      | Reached ***** piety under Cheibriados
  7183 | D:7      | Found Fomuradd's Gadget Boutique.
  7473 | D:7      | Found a white marble altar of Elyvilon.
  7612 | D:8      | Killed a two-headed ogre
  8039 | D:8      | Found a shimmering blue altar of Sif Muna.
  8103 | D:8      | Found a viscous altar of Jiyva.
  8189 | D:8      | Found an ornate altar of the Wu Jian Council.
  8206 | D:8      | Found a bloodstained altar of Trog.
  8264 | D:8      | Bought a scorched scale mail for 234 gold pieces
  8274 | D:8      | Identified the cursed +0 scale mail of the World {rElec
                  | rPois} (You bought it in a shop on level 8 of the Dungeon)
  8468 | D:9      | Noticed a two-headed ogre
  8474 | D:9      | Killed a two-headed ogre
  8534 | D:9      | Reached XP level 11. HP: 87/87 MP: 19/19
  8945 | D:9      | Noticed Pikel
  8945 | D:9      | Noticed a two-headed ogre
  8951 | D:9      | Killed a two-headed ogre
  8954 | D:9      | Killed Pikel
  8954 | D:9      | Reached skill level 5 in Conjurations
  8954 | D:9      | Reached skill level 5 in Hexes
  8954 | D:9      | Reached skill level 5 in Charms
  8954 | D:9      | Reached skill level 5 in Summonings
  8954 | D:9      | Reached skill level 5 in Necromancy
  8954 | D:9      | Reached skill level 5 in Translocations
  8954 | D:9      | Reached skill level 5 in Transmutations
  8954 | D:9      | Reached skill level 5 in Fire Magic
  8954 | D:9      | Reached skill level 5 in Ice Magic
  8954 | D:9      | Reached skill level 5 in Air Magic
  8954 | D:9      | Reached skill level 5 in Earth Magic
  8954 | D:9      | Reached skill level 5 in Poison Magic
  9371 | D:10     | Entered Level 10 of the Dungeon
  9504 | D:10     | Reached ****** piety under Cheibriados
  9542 | D:10     | Found Fotihir's Food Emporium.
  9661 | D:10     | Noticed Harold
  9661 | D:10     | Noticed Joseph
  9662 | D:10     | Noticed an orc knight
  9663 | D:10     | Noticed a wizard
  9664 | D:10     | Noticed a +5 long sword
  9664 | D:10     | Noticed an orc knight
  9664 | D:10     | Noticed Erica
  9672 | D:10     | Noticed a death yak
  9675 | D:10     | Killed from afar by a wizard

Illustrated notes

Levels and vault maps discovered:
D:1:      dpeg_arrival_tiny_j, layout_basic
D:2:      layout_basic, lemuel_doored_altar, overflow_temple_1_default,
          nicolae_ru_great_annihilating_truth, chequers_ecumenical_altar_simple,
          uniq_robin
D:3:      layout_loops_ring, first_ration, uniq_ijyb
D:4:      layout_loops_ring, okawaru_gym_becter,
          nicolae_gozag_cash_rules_everything_around_me, uniq_duvessa
D:5:      minmay_inner_zag, layout_gridville, nicolae_overflow_quartered_altars,
          ebering_ghost_inner_flame
D:6:      layout_basic, kennysheep_little_box, minmay_temple_entry_large_hall,
          serial_shops, shop_statue, minmay_unpleasant_kobolds, uniq_eustachio,
          uniq_grinder
D:7:      layout_cave_pools, marbit_many_paths, serial_shops, shop_fountains,
          the_bakery
D:8:      layout_rooms, led_sif_pool, nicolae_overflow_crystal_walls,
          nicolae_overflow_hidden_temple, nicolae_ossuary_entry_ruins,
          serial_shops, shop, shop, shop, jiyva_altar_1
D:9:      layout_gridville, uniq_pikel
D:10:     layout_stronghold, dpeg_lair_monsters, serial_shops, kennysheep_mini,
          serial_undead, serial_undead_d, serial_undead_a, serial_undead_a,
          serial_undead_a, sword_in_stone

Skill      XL: |  1  2  3  4  5  6  7  8  9 10 11 |
---------------+----------------------------------+-----
Invocations    | 1 2 3 4 5 6 |  6.8
Short Blades   | 1 2 3 4 5 6 |  6.2
Long Blades    | 1 2 3 4 5 6 |  6.2
Maces & Flails | 1 2 3 4 5 6 |  6.2
Polearms       | 1 2 3 4 5 6 |  6.2
Staves         | 1 2 3 4 5 6 |  6.2
Slings         | 1 2 3 4 5 6 |  6.2
Bows           | 1 2 3 4 5 6 |  6.2
Crossbows      | 1 2 3 4 5 6 |  6.2
Throwing       | 1 2 3 4 5 6 |  6.2
Dodging        | 1 2 3 4 5 6 |  6.2
Stealth        | 1 2 3 4 5 6 |  6.2
Unarmed Combat | 1 2 3 4 5 6 |  6.2
Spellcasting   | 1 2 3 4 5 6 |  6.2
Evocations     | 1 2 3 4 5 6 |  6.2
Conjurations   | 1 2 3 4 5 |  5.1
Hexes          | 1 2 3 4 5 |  5.1
Charms         | 1 2 3 4 5 |  5.1
Summonings     | 1 2 3 4 5 |  5.1
Necromancy     | 1 2 3 4 5 |  5.1
Translocations | 1 2 3 4 5 |  5.1
Transmutations | 1 2 3 4 5 |  5.1
Fire Magic     | 1 2 3 4 5 |  5.1
Ice Magic      | 1 2 3 4 5 |  5.1
Air Magic      | 1 2 3 4 5 |  5.1
Earth Magic    | 1 2 3 4 5 |  5.1
Poison Magic   | 1 2 3 4 5 |  5.1
Axes           | 5 6 7 |  7.8
Fighting       | 7 8 9 |  9.1
Armour         | 7 8 9 |  9.1
Shields        | 7 8 9 |  9.1

Action                   |  1- 3 |  4- 6 |  7- 9 | 10-12 || total
-------------------------+-------+-------+-------+-------++-------
Melee: War axe           |    64 |   144 |   227 |       ||   435
       Bite              |     4 |    20 |    40 |    29 ||    93
       Battleaxe         |       |       |     6 |   152 ||   158
Throw: Boomerang         |       |       |    19 |    67 ||    86
Evoke: Wand              |       |       |       |     6 ||     6
       Tin of tremorston |       |       |       |     1 ||     1
  Use: Scroll            |       |    12 |     7 |     6 ||    25
       Potion            |       |       |     3 |     1 ||     4
 Stab: Paralysed         |     1 |       |       |       ||     1
       Sleeping          |       |       |     2 |     5 ||     7
  Eat: Chunk             |     1 |     5 |     4 |       ||    10
       Ration            |       |       |       |     2 ||     2
Armor: Scale mail        |    30 |    55 |    95 |    72 ||   252
Dodge: Dodged            |    44 |    62 |   160 |   185 ||   451
Block: Kite shield       |     1 |       |       |       ||     1
       Buckler           |    17 |    41 |    73 |       ||   131

Table legend:
 A = Non-vault XP
 B = Vault XP
 C = Vault XP percentage of total XP
 D = Non-vault monster count
 E = Vault monster count
 F = Vault count percentage of total count
                 A         B        C        D         E       F
            +---------+---------+-------+---------+---------+-------
      Total |    9741 |    3791 |  28.0 |     207 |      62 |  23.0
            +---------+---------+-------+---------+---------+-------
        D:1 |      45 |       0 |   0.0 |      20 |       0 |   0.0
        D:2 |      79 |      77 |  49.4 |      14 |      13 |  48.1
        D:3 |      63 |      36 |  36.4 |      25 |       1 |   3.8
        D:4 |     404 |     215 |  34.7 |      22 |       2 |   8.3
        D:5 |     833 |     300 |  26.5 |      34 |       5 |  12.8
        D:6 |     916 |     588 |  39.1 |      23 |       8 |  25.8
        D:7 |     809 |     406 |  33.4 |      17 |       2 |  10.5
        D:8 |    3036 |     165 |   5.2 |      11 |       4 |  26.7
        D:9 |    3346 |     706 |  17.4 |      38 |       1 |   2.6
       D:10 |     210 |    1144 |  84.5 |       3 |      10 |  76.9
    Ossuary |       0 |     154 | 100.0 |       0 |      16 | 100.0
            +---------+---------+-------+---------+---------+-------
